 Dungeon Crawl Stone Soup version 0.29-a0-416-g83a48905f1 (webtiles) character file.

Game seed: 17531017164601416645

186 Parzival711 the Chopper (level 5, 0/46 HPs)
             Began as a Hill Orc Fighter on May 16, 2022.
             Succumbed to an orc wizard's poison
             ... on level 4 of the Dungeon.
             The game lasted 00:06:27 (4429 turns).

Parzival711 the Chopper (Hill Orc Fighter)          Turns: 4429, Time: 00:06:28

Health: 0/46       AC:  7    Str: 20 (21) XL:     5   Next: 66%
Magic:  5/5        EV:  9    Int:  8 (10) God:
Gold:   121        SH:  4    Dex:  9 (10) Spells: 4/4 levels left

rFire   + . .      SeeInvis .   a - +0 war axe
rCold   . . .      Faith    .   c - +0 buckler
rNeg    . . .      Spirit   .   b - +0 scale mail
rPois   .          Reflect  .   (no helmet)
rElec   .          Harm     .   (no cloak)
rCorr   .          Rampage  .   (no gloves)
Will    .....      Clarity  +   (no boots)
Stlth   ..........              (no amulet)
HPRegen 0.15/turn               (no ring)
MPRegen 0.09/turn               (no ring)

@: lethally poisoned (0 -> -20)
A: clarity, clever 1, fire resistance 1
a: no special abilities


You were on level 4 of the Dungeon.
You visited 1 branch of the dungeon, and saw 4 of its levels.

You collected 121 gold pieces.

Inventory:

Hand Weapons
 a - a +0 war axe (weapon)
Armour
 b - a +0 scale mail (worn)
 c - a +0 buckler (worn)
Wands
 g - a wand of paralysis (8)
Scrolls
 i - 3 scrolls of identify
 j - 3 scrolls of vulnerability
 k - a scroll of noise {unknown}
Potions
 d - a potion of might
 e - a potion of flight
 f - 2 potions of attraction
 h - 2 potions of heal wounds {unknown}
 l - 3 potions of curing


   Skills:
 + Level 4.2 Fighting
 + Level 5.5 Axes
 + Level 4.1 Armour
 + Level 0.9 Dodging
 + Level 4.0 Shields


You had 4 spell levels left.
You didn't know any spells.
Your spell library was empty.

Dungeon Overview and Level Annotations

Branches:
Dungeon (4/15)
 Temple: D:4-7

Altars:
Trog


Innate Abilities, Weirdness & Mutations

You possess an exceptional clarity of mind.
Your mind is acute. (Int +2)
Your flesh is heat resistant. (rF+)


Message History

You hit the orc but do no damage. You block the orc wizard's attack.
The orc hits you but does no damage.
You barely miss the orc wizard.
The orc wizard is heavily wounded.
You closely miss the orc. The orc hits you with a +0 hand axe.
The orc wizard hits you but does no damage.
You are poisoned.
The orc hits you with a +0 hand axe. The orc wizard completely misses you.
You closely miss the orc wizard.
The orc wizard is heavily wounded.
You closely miss the orc.
You feel sick. You block the orc wizard's attack.
The orc hits you with a +0 hand axe.
You slash the orc wizard!
The orc wizard is almost dead.
You hit the orc.
You feel sick. You block the orc's attack.
The orc wizard hits you with a +2 dagger of venom.
You closely miss the orc wizard.
The orc wizard is almost dead.
You slash the orc!
You kill the orc!
You feel sick.
The orc wizard hits you with a +2 dagger of venom.
You are more poisoned.
You barely miss the orc wizard.
The orc wizard is almost dead.
You feel very sick.
The orc wizard points at you and mumbles some strange words.
You resist with some effort.
The orc wizard hits you with a +2 dagger of venom.
You are lethally poisoned!
You barely miss the orc wizard.
The orc wizard is almost dead.
* * * LOW HITPOINT WARNING * * *
You feel extremely sick.
The orc wizard points at you and mumbles some strange words.
The magic dart hits you!
* * * LOW HITPOINT WARNING * * *
You slash the orc wizard!
You kill the orc wizard!
You die...

### #####
####.###########.!..
....................
##...............#
###...###...>....# #
##.## #.##.##..#
####.####.##.##..####..#
.............)..@).....#
####...##.##.##..).....#
# #...##.##.##.....[..#
# #........<...........
# #...#########..<.....
####...# #.....###
.......# ###.###
.......###########.#
........#.........


There were no monsters in sight!

Vanquished Creatures
  A hound (D:2)
  Terence (D:3)
  An orc wizard (D:4)
  5 adders
  A shadow imp (D:3)
  3 worms
  2 dart slugs
  4 orcs
  7 ball pythons
  5 bats
  An endoplasm (D:1)
  A giant cockroach (D:2)
  4 goblins
  4 hobgoblins
  8 quokkas
  3 frilled lizards
  6 kobolds
  5 rats
62 creatures vanquished.

Notes
Turn   | Place    | Note
-------+----------+-------------------------------------------
     0 | D:1      | Parzival711 the Hill Orc Fighter began the quest for the
                  | Orb.
     0 | D:1      | Reached XP level 1. HP: 19/19 MP: 1/1
    80 | D:1      | Reached XP level 2. HP: 12/27 MP: 2/2
  1364 | D:2      | Reached skill level 3 in Axes
  1370 | D:2      | Reached XP level 3. HP: 15/33 MP: 3/3
  1723 | D:2      | Reached skill level 4 in Axes
  1723 | D:2      | Reached XP level 4. HP: 38/40 MP: 4/4
  1779 | D:2      | Gained mutation: You possess an exceptional clarity of
                  | mind. [potion of mutation]
  1779 | D:2      | Gained mutation: Your flesh is heat resistant. (rF+)
                  | [potion of mutation]
  1779 | D:2      | Gained mutation: Your mind is acute. (Int +2) [potion of
                  | mutation]
  2912 | D:3      | Reached skill level 5 in Axes
  2912 | D:3      | Reached XP level 5. HP: 44/46 MP: 5/5
  3212 | D:3      | Found a faded altar of an unknown god.
  3302 | D:3      | Noticed Terence
  3310 | D:3      | Killed Terence
  3420 | D:3      | Noticed a moth of wrath
  3432 | D:3      | Found a bloodstained altar of Trog.
  4429 | D:4      | Succumbed to an orc wizard's poison

Illustrated notes

Levels and vault maps discovered:
D:1:      tarquinn_simple_flora_water_c, layout_basic, minmay_splitting_lines
D:2:      layout_loops_ring
D:3:      layout_basic, tgw_trog, dreamdust_ecumenical_altar_angels_and_demons,
          minivault_26, uniq_terence
D:4:      layout_loops_ring, ebering_ghost_sewer_d, hangedman_decor_opposing,
          chequers_serial_rivers_micro_e, st_stairs_14, uniq_sigmund, uniq_robin

Skill      XL: |  1  2  3  4  5 |
---------------+----------------+-----
Axes           | 3 4 5 |  5.5
Fighting       | 4 |  4.2
Armour         | 4 |  4.1
Shields        | 4 |  4.0
Dodging        | |  0.9

Action                   |  1- 3 |  4- 6 || total
-------------------------+-------+-------++-------
Melee: War axe           |    70 |   126 ||   196
  Use: Potion            |       |     8 ||     8
       Scroll            |       |     6 ||     6
Armor: Scale mail        |    46 |    52 ||    98
Dodge: Dodged            |    66 |    67 ||   133
Block: Buckler           |    20 |    28 ||    48

Table legend: (Time is in decaauts)
 A = Elapsed time spent in this place.
 B = Non-inter-level travel time spent in this place.
 C = Inter-level travel time spent in this place.
 D = Time resting spent in this place.
 E = Time spent auto-exploring this place.
 F = Levels seen in this place.
 G = Mean time per level.
                   A        B        C        D        E       F      G
               +--------+--------+--------+--------+--------+-----+--------+
         Total |   4495 |   4067 |    428 |   1222 |   2071 |   4 | 1123.8 |
       Dungeon |   4495 |   4067 |    428 |   1222 |   2071 |   4 | 1123.8 |
               +--------+--------+--------+--------+--------+-----+--------+

Top non-repeatable levels by time:
     D:3: 1585 daAuts
     D:1: 1373 daAuts
     D:2: 1301 daAuts
     D:4: 235 daAuts
